 Dungeon Crawl Stone Soup version 0.31-a0-1206-g41278d8d1d (webtiles) character file.

Game seed: 1708986774971212520

140 LeprechaunX the Changeling (level 5, -2/35 HPs)
             Began as an Octopode Shapeshifter on Dec 13, 2023.
             Killed from afar by an orc wizard (6 damage)
             ... with a magic dart
             ... on level 2 of the Dungeon.
             The game lasted 00:03:11 (1993 turns).

LeprechaunX the Changeling (Octopode Shapeshifter)  Turns: 1993, Time: 00:03:11

Health: -2/35      AC:  5    Str: 13    XL:     5   Next: 22%
Magic:  5/5        EV: 13    Int: 12    God:
Gold:   91         SH:  0    Dex: 14    Spells: 4/4 levels left

rFire   . .          .
                       - Unarmed
rCold   . . .        (no shield)
rNeg    . . .        (helmet currently unavailable)
rPois   .            (no amulet)
rElec   .            f - ring of flight
rCorr   .            h - +4 ring of protection
SInv    .            (no ring)
Will    .....        (no ring)
Stlth   ++           (no ring)
HPRegen 0.25/turn    (no ring)
MPRegen 0.09/turn    (no ring)
                     (no ring)

%: no passive effects
@: confused, beast-form, flying
A: beast (slay +2), almost no armour, amphibious, 8 rings, camouflage 1,
gelatinous body 1, (nimble swimmer 1), tentacles
a: Begin Untransformation


You were on level 2 of the Dungeon.
You were a hulking beast.
You visited 1 branch of the dungeon, and saw 3 of its levels.

You collected 111 gold pieces.
You spent 20 gold pieces at shops.

Inventory:

Jewellery
 f - a ring of flight (left tentacle)
 h - a +4 ring of protection (right tentacle)
Talismans
 b - a beast talisman
 c - a flux talisman
Scrolls
 e - a scroll of amnesia
 g - a scroll of brand weapon {unknown}
 j - a scroll of enchant weapon {unknown}
Potions
 a - a potion of lignification
 d - a potion of berserk rage


   Skills:
 + Level 2.4 Fighting
 - Level 2.0 Dodging
 + Level 3.8 Unarmed Combat
 * Level 4.3 Shapeshifting


You had 4 spell levels left.
You didn't know any spells.
Your spell library contained the following spells:

 Spells                   Type           Power      Damage    Failure   Level
 Dazzling Flash           Conj/Hex       0%         N/A       69%         3
 Volatile Blastmotes      Fire/Tloc      0%         2d10      69%         3
 Starburst                Conj/Fire      0%         6d3       100%        6
 Maxwell's Capacitive Co  Air            0%         ∞         100%        8


Dungeon Overview and Level Annotations

Branches:
Dungeon (3/15)

Altars:

Shops:
D:1 *   D:2 (


Innate Abilities, Weirdness & Mutations

You are a hulking beast.
Your limbs bulge with bestial killing power. (Slay +2)
You cannot wear most types of armour.
You are amphibious.
You can wear up to eight rings at the same time.
Your skin changes colour to match your surroundings (Stealth+).
Your rubbery body absorbs attacks. (AC +1, EV +1)
((You are camouflaged when in or above water. (Stealth+)))
You have tentacles for arms and can constrict up to eight enemies at once.


Message History

You constrict the orc.
You kill the orc!
Something hits you.
* * * LOW HITPOINT WARNING * * *
Unknown command.
You miss something. Your squeeze misses something.
Something hits you but does no damage.
You closely miss something. Your squeeze misses something. Something hits you.
* * * LOW HITPOINT WARNING * * *
You tentacle-slap something. Your squeeze misses something. Something hits you.
* * * LOW HITPOINT WARNING * * *
You tentacle-slap something.
You hear some strange, mumbled words.
You are confused.
You're too confused to attack without stumbling around!
You're too confused to attack without stumbling around!
You're too confused to attack without stumbling around!
You miss something. Your squeeze misses something. Something barely misses you.
You bump into the rock wall.
Something hits you but does no damage.
You bump into the rock wall.
Something hits you but does no damage.
You hear some strange, mumbled words.
You are more confused.
There is a stone staircase leading up, spattered with blood here.
Something hits you.
* * * LOW HITPOINT WARNING * * *
Things that are here:
a +0 whip; an orc corpse Something hits you.
* * * LOW HITPOINT WARNING * * *
There is a stone staircase leading up, spattered with blood here.
Something hits you but does no damage.
You fly upwards.
Reactivating autopickup.
There is a stone staircase leading down here.
Unknown command.
You hear some strange, mumbled words.
A magic dart appears from out of thin air!
Deactivating autopickup; reactivate with Ctrl-A.
The magic dart hits you.
You die...

# #.#########.# #.# #
#.........#.# #)# #
#..######.#.##
#######.# #..####
#....## #.......#
#.....# #.....#
#.#######
##.##.###....####.#
#.##.............#
#.######>#.#######
#......h{#.#
##########.# #.# #.#
#.# ######### #.#
#....(.<. #.#
#.#######
#########.#####.# #
#............##.#####
#


There were no monsters in sight!

Vanquished Creatures
  An orc priest (D:3)
  3 gnolls
  3 adders (D:2)
  2 dart slugs
  3 orcs (D:3)
  2 ball pythons (D:1)
  4 bats (D:1)
  4 endoplasms
  3 giant cockroaches
  7 hobgoblins
  2 quokkas
  2 frilled lizards
  3 goblins
  5 kobolds
  2 rats
46 creatures vanquished.

Notes
Turn   | Place    | Note
-------+----------+-------------------------------------------
     0 | D:1      | LeprechaunX the Octopode Shapeshifter began the quest for
                  | the Orb.
     0 | D:1      | Reached XP level 1. HP: 13/13 MP: 1/1
   142 | D:1      | Reached XP level 2. HP: 18/18 MP: 2/2
   143 | D:1      | Found Ytaqick's General Store.
   304 | D:1      | Reached XP level 3. HP: 22/23 MP: 3/3
   409 | D:1      | Found a faded altar of an unknown god.
   409 | D:1      | Noticed an Executioner
   869 | D:1      | Bought a scroll of identify for 20 gold pieces
  1169 | D:2      | Reached XP level 4. HP: 26/29 MP: 4/4
  1292 | D:2      | Reached skill level 4 in Shapeshifting
  1759 | D:2      | Found Ijorhy's Antique Weapon Emporium.
  1972 | D:3      | Reached XP level 5. HP: 23/35 MP: 5/5
  1993 | D:2      | Killed from afar by an orc wizard

Illustrated notes

Levels and vault maps discovered:
D:1:      noname_arrival_rooms_in_the_neighbourhood, layout_rooms, serial_shops,
          nicolae_shop_stone, serial_co_window_serial, co_window_paths_a,
          co_window_corner_a, co_window_corner_a, co_window_paths_a,
          co_window_of_opportunity_a, co_window_paths_c, co_window_broadway_c,
          co_window_of_opportunity_c, co_window_broadway_b, co_window_corner_ca,
          glass_columns_c, glass_columns_a, glass_columns_c,
          dreamdust_ecumenical_altar_sealed_demon
D:2:      layout_loops_corners, serial_shops, shop
D:3:      layout_basic, portal_sewer_entry_b, grunt_ministairs_12, uniq_natasha,
          uniq_sigmund, uniq_ijyb, uniq_terence

Skill      XL: |  1  2  3  4 |
---------------+-------------+-----
Fighting       | 2 |  2.4
Shapeshifting  | 4 |  4.3
Dodging        | |  2.0
Unarmed Combat | |  3.8

Action                     |  1- 3 |  4- 6 || total
---------------------------+-------+-------++-------
  Melee: Unarmed           |    71 |    43 ||   114
         Constrict         |    17 |     7 ||    24
         Tentacles         |    10 |     4 ||    14
         Punch             |       |     1 ||     1
    Use: Scroll            |     1 |     1 ||     2
   Stab: Sleeping          |     9 |     3 ||    12
 Armour: Skin              |    29 |    30 ||    59
  Dodge: Dodged            |    42 |    19 ||    61

Table legend: (Time is in decaauts)
 A = Elapsed time spent in this place.
 B = Non-inter-level travel time spent in this place.
 C = Inter-level travel time spent in this place.
 D = Time resting spent in this place.
 E = Time spent auto-exploring this place.
 F = Levels seen in this place.
 G = Mean time per level.
                   A        B        C        D        E       F      G
               +--------+--------+--------+--------+--------+-----+--------+
         Total |   1985 |   1872 |    113 |     48 |   1474 |   3 |  661.7 |
       Dungeon |   1985 |   1872 |    113 |     48 |   1474 |   3 |  661.7 |
               +--------+--------+--------+--------+--------+-----+--------+

Top non-repeatable levels by time:
     D:2: 980 daAuts
     D:1: 972 daAuts
     D:3: 32 daAuts
